 Dungeon Crawl Stone Soup version 0.24-a0-584-g9d6b971ae4 (webtiles) character file.

Game seed: 7098321722372024702, levelgen mode: deterministic

109 Goblin1989 the Sneak (level 4, -18/29 HPs)
             Began as an Octopode Assassin on Aug 29, 2019.
             Was an Initiate of Gozag.
             Demolished by a shadow (26 damage)
             ... summoned by the anger of Yredelemnul
             ... on level 3 of the Dungeon.
             The game lasted 00:04:44 (2324 turns).

Goblin1989 the Sneak (Octopode Assassin)            Turns: 2324, Time: 00:04:45

Health: -18/29     AC:  1    Str: 10    XL:     4   Next: 90%
Magic:  4/4        EV: 13    Int: 13    God:    Gozag
Gold:   167        SH:  0    Dex: 14    Spells: 3/3 levels left

rFire    . . .     SeeInvis .   a - +2 dagger
rCold    . . .     Gourm    .   (no shield)
rNeg     . . .     Faith    .   (helmet restricted)
rPois    .         Spirit   .   (no amulet)
rElec    .         Reflect  .   (no ring)
rCorr    .         Harm     .   (no ring)
MR       .....                  (no ring)
Stlth    ++++......             (no ring)
HPRegen  0.09/turn              (no ring)
MPRegen  0.09/turn              (no ring)
                                (no ring)
                                (no ring)

@: no status effects
A: almost no armour, stealthy swim, amphibious, 8 rings, constrict 8, camouflage
1, gelatinous body 1
a: Potion Petition, Call Merchant, Bribe Branch, Renounce Religion


You were on level 3 of the Dungeon.
You worshipped Gozag.
Gozag was aware of your devotion.
You were full.

You visited 2 branches of the dungeon, and saw 5 of its levels.

You collected 224 gold pieces.
You paid 57 gold pieces to Gozag.

Inventory:

Hand Weapons
 a - a +2 dagger (weapon)
Missiles
 b - 8 poisoned darts (quivered)
 c - 2 curare-tipped darts
Wands
 T - a wand of paralysis (11) {@v7}
Scrolls
 k - a scroll of immolation {unknown}
 r - 3 scrolls of teleportation {unknown}
 t - 3 scrolls of fog
 R - 4 scrolls of identify {@r1}
 S - a scroll of remove curse {@r3}
Potions
 h - a potion of flight {unknown}
 i - 2 potions of curing {unknown}
 l - a potion of brilliance {unknown}
 n - a potion of berserk rage {unknown}
 p - a potion of degeneration {unknown}
 q - a potion of might {unknown}
 s - a potion of heal wounds {unknown}
Comestibles
 e - 6 rations


   Skills:
 - Level 2.0 Fighting
 + Level 3.7 Short Blades
 - Level 2.0 Throwing
 - Level 1.0 Dodging
 + Level 7.0 Stealth


You had 3 spell levels left.
You didn't know any spells.
Your spell library contained the following spells:

 Spells                   Type           Power        Failure   Level  Hunger
 Summon Small Mammal      Summ           #...         30%         1    ##.....
 Call Imp                 Summ           #.......     43%         2    ###....
 Call Canine Familiar     Summ           #.......     67%         3    ####...
 Summon Guardian Golem    Hex/Summ       #.......     67%         3    ####...
 Summon Ice Beast         Ice/Summ       #.......     97%         4    #####..
 Summon Lightning Spire   Summ/Air       #.......     97%         4    #####..


Dungeon Overview and Level Annotations

Branches:
Dungeon (4/15)             Temple (1/1) D:4

Altars:
Ashenzari
Gozag
Ru
Uskayaw
Yredelemnul

Annotations:
D:3 3 runed translucent doors, SlightEye's ghost, amateur FoFi


Innate Abilities, Weirdness & Mutations

You cannot wear most types of armour.
You are very stealthy in the water. (Stealth+)
You are amphibious.
You can wear up to eight rings at the same time.
You can use your tentacles to constrict eight enemies at once.
Your skin changes colour to match your surroundings (Stealth+).
Your rubbery body absorbs attacks. (AC +1, EV +1)


Message History

You are too injured to fight recklessly!
You are too injured to fight recklessly!
You are too injured to fight recklessly!
You are too injured to fight recklessly!
You are too injured to fight recklessly!
You are too injured to fight recklessly!
You are too injured to fight recklessly!
The bat hits you but does no damage.
The kobold throws a stone.
The stone hits you but does no damage.
You see here a stone.
The bat hits you.
The kobold throws a stone.
The stone misses you.
You see here a stone.
You take 1 damage, and have 15/29 hp.
You are too injured to fight recklessly!
The bat closely misses you. The kobold closely misses you.
You are too injured to fight recklessly!
You are too injured to fight recklessly!
You are too injured to fight recklessly!
You are too injured to fight recklessly!
You are too injured to fight recklessly!
You are too injured to fight recklessly!
You are too injured to fight recklessly!
You are too injured to fight recklessly!
You are too injured to fight recklessly!
You are too injured to fight recklessly!
You are too injured to fight recklessly!
You are too injured to fight recklessly!
You are too injured to fight recklessly!
You are too injured to fight recklessly!
You are too injured to fight recklessly!
You are too injured to fight recklessly!
You are too injured to fight recklessly!
Unknown command.
You hit the kobold.
You kill the kobold!
The bat hits you.
A bat comes into view.
You take 1 damage, and have 15/29 hp.
The bat hits you but does no damage.
Things that are here:
6 gold pieces; a +0 club; 2 stones {@Q3} You see here a wand of paralysis (11) {@v7}.
You hit the bat. Your grab misses the bat.
The bat is severely wounded.
The bat hits you.
You take 1 damage, and have 14/29 hp.
T - a wand of paralysis (11) {@v7} The bat hits you.
* * * LOW HITPOINT WARNING * * *
You take 1 damage, and have 13/29 hp.
You closely miss the bat. You grab the bat.
You squeeze the bat, but do no damage.
The bat is severely wounded.
You constrict the bat.
You kill the bat!
There are no items here.
You now have 163 gold pieces (gained 12).
Things that are here:
a +0 club; 2 stones {@Q3} The bat is too close now for your liking.
A bat is nearby!
You are too injured to fight recklessly!
You are too injured to fight recklessly!
You are too injured to fight recklessly!
You are too injured to fight recklessly!
You are too injured to fight recklessly!
Things that are here:
a +0 club; 2 stones {@Q3} The bat closely misses you.
You barely miss the bat. Your grab misses the bat. The bat barely misses you.
The bat hits you.
* * * LOW HITPOINT WARNING * * *
You see here a stone.
You take 1 damage, and have 13/29 hp.
The bat barely misses you. The bat closely misses you.
Things that are here:
a +0 club; 2 stones {@Q3} You hit the bat.
You kill the bat!
You now have 167 gold pieces (gained 4).
Yredelemnul's anger turns toward you for a moment.
Flickering shadows surround you.
You regained 6 hp, and now have 19/29 hp.
You see here a stone.
The shadow hits you!
* * * LOW HITPOINT WARNING * * *
You take 10 damage, and have 10/29 hp.
MASSIVE DAMAGE!!
The shadow hits you.
* * * LOW HITPOINT WARNING * * *
You take 2 damage, and have 8/29 hp.
The shadow slips into darkness.
The shadow flickers and vanishes!
Deactivating autopickup; reactivate with Ctrl-A.
You see here a stone.
You see here a chain mail.
The shadow strikes at you from the darkness!
Ouch! That really hurt!
You die...
Your body crumbles into a pile of gold.

.....█.......█$......█
..█...=..█.$....█.....
█.....█..(..█.....█...
....█....█....█....█..
█...█..{█...█...█... $
..█..█.W█W.█..█..█...
█.█.█.█.█.█.█.█.█w█ █
██)███.██.██.██.█ █.█
█@█ . ███ ███ $ $


You could see a shadow.

Vanquished Creatures
  A centaur zombie (D:3)
  4 adders
  2 oozes (D:3)
  An adder skeleton (D:2)
  2 worms
  2 leopard geckos
  11 bats
  3 giant cockroaches
  3 hobgoblins
  3 jackals (D:3)
  A quokka (D:3)
  A ball python (D:1)
  4 frilled lizards
  8 goblins
  6 kobolds
  5 rats
57 creatures vanquished.

Vanquished Creatures (collateral kills)
  A kobold (D:2)
1 creature vanquished.

Vanquished Creatures (others)
  3 fungi (D:3)
  A plant (D:3)
4 creatures vanquished.

Grand Total: 62 creatures vanquished

Notes
Turn   | Place    | Note
-------+----------+-------------------------------------------
     0 | D:1      | Goblin1989 the Octopode Assassin began the quest for the
                  | Orb.
     0 | D:1      | Reached XP level 1. HP: 14/14 MP: 1/1
   233 | D:1      | Reached XP level 2. HP: 19/19 MP: 2/2
   727 | D:2      | Reached skill level 6 in Stealth
   727 | D:2      | Reached XP level 3. HP: 23/24 MP: 3/3
  1089 | D:2      | Reached XP level 4. HP: 29/29 MP: 4/4
  1116 | D:2      | Found a faded altar of an unknown god.
  1125 | D:2      | Became a worshipper of Yredelemnul the Dark
  1125 | D:2      | Reached * piety under Yredelemnul
  1564 | D:2      | You fall into a shaft and drop 2 floors!
  1570 | D:4      | Found a staircase to the Ecumenical Temple.
  1580 | Temple   | Entered the Ecumenical Temple
  1587 | Temple   | Fell from the grace of Yredelemnul
  1587 | Temple   | Became a worshipper of Gozag Ym Sagoz the Greedy
  1795 | D:3      | Found a runed translucent gate.
  1796 | D:3      | Found a runed translucent gate.
  1796 | D:3      | Found a runed translucent gate.
  1807 | D:3      | Noticed a big kobold
  1807 | D:3      | Noticed a big kobold
  1808 | D:3      | Noticed SlightEye's ghost (amateur FoFi)
  2138 | D:3      | Reached skill level 7 in Stealth
  2315 | D:3      | Noticed a shadow
  2315 | D:3      | Noticed a shadow
  2324 | D:3      | Demolished by a shadow

Levels and vault maps discovered:
D:1:      minmay_arrival_four_loops, layout_loops_ring
D:2:      layout_loops_ring, chequers_ecumenical_altar_simple
D:3:      layout_basic, first_ration, gammafunk_ghost_nasty_kobolds,
          minmay_increasing_density
D:4:      layout_gridville, kennysheep_little_box,
          minmay_temple_entry_statues_pillars, serial_shops, shop
Temple:   nicolae_temple_the_god_donut

Skill      XL: |  1  2  3  4 |
---------------+-------------+-----
Stealth        | 6 7 |  7.0
Short Blades   | 3 |  3.7
Fighting       | |  2.0
Throwing       | |  2.0
Dodging        | |  1.0

Action                   |  1- 3 |  4- 6 || total
-------------------------+-------+-------++-------
Melee: Dagger            |    48 |    59 ||   107
       Constrict         |     9 |     8 ||    17
       Tentacles         |     6 |    12 ||    18
Invok: Animate Remains   |       |     4 ||     4
  Use: Scroll            |     4 |       ||     4
 Stab: Sleeping          |    15 |    10 ||    25
       Distracted        |       |     2 ||     2
  Eat: Chunk             |       |     3 ||     3
       Ration            |       |     2 ||     2
Armor: Skin              |     7 |     4 ||    11
Dodge: Dodged            |    22 |    30 ||    52

Table legend:
 A = Non-vault XP
 B = Vault XP
 C = Vault XP percentage of total XP
 D = Non-vault monster count
 E = Vault monster count
 F = Vault count percentage of total count
                 A         B        C        D         E       F
            +---------+---------+-------+---------+---------+-------
      Total |     146 |      11 |   7.0 |      50 |       7 |  12.3
            +---------+---------+-------+---------+---------+-------
        D:1 |      23 |       0 |   0.0 |      16 |       0 |   0.0
        D:2 |      76 |       0 |   0.0 |      21 |       0 |   0.0
        D:3 |      47 |      11 |  19.0 |      13 |       7 |  35.0
            +---------+---------+-------+---------+---------+-------

Levels and vault maps discovered:
D:1:      minmay_arrival_four_loops, layout_loops_ring
D:2:      layout_loops_ring, chequers_ecumenical_altar_simple
D:3:      layout_basic, first_ration, gammafunk_ghost_nasty_kobolds,
          minmay_increasing_density
D:4:      layout_gridville, kennysheep_little_box,
          minmay_temple_entry_statues_pillars, serial_shops, shop
Temple:   nicolae_temple_the_god_donut
